 Dungeon Crawl Stone Soup version 0.28.0-53-g5a82cb258f (webtiles) character file.

Game seed: 2108747936741713397

28 melloss the Sneak (level 3, -6/16 HPs)
             Began as a Spriggan Enchanter on June 8, 2022.
             Mangled by a gnoll
             ... wielding a +0 spear
              (8 damage)
             ... on level 2 of the Dungeon.
             The game lasted 00:02:08 (1382 turns).

melloss the Sneak (Spriggan Enchanter)              Turns: 1382, Time: 00:02:09

Health: -6/16      AC:  2    Str:  4    XL:     3   Next: 0%
Magic:  6/8        EV: 18    Int: 18    God:
Gold:   13         SH:  0    Dex: 15    Spells: 5/7 levels left

rFire   . . .      SeeInvis +   a - +1 dagger
rCold   . . .      Faith    .   (no shield)
rNeg    . . .      Spirit   .   b - +0 robe
rPois   .          Reflect  .   (helmet restricted)
rElec   .          Harm     .   (no cloak)
rCorr   .          Rampage  .   (gloves unavailable)
Will    .....                   (boots unavailable)
Stlth   +++.......              (no amulet)
HPRegen 0.05/turn               (no ring)
MPRegen 0.11/turn               (no ring)

@: very quick
A: very small, no large weapons, unfitting armour, see invisible, speed 3
a: no special abilities


You were on level 2 of the Dungeon.
You visited 1 branch of the dungeon, and saw 2 of its levels.

You collected 13 gold pieces.

Inventory:

Hand Weapons
 a - a +1 dagger (weapon)
 e - a +0 hunting sling
Armour
 b - a +0 robe (worn)
Scrolls
 d - a scroll of vulnerability {unknown}
Potions
 c - a potion of invisibility
 f - a potion of cancellation {unknown}
 g - a potion of might {unknown}


   Skills:
 - Level 1.1 Short Blades
 + Level 3.8 Dodging
 + Level 5.5 Stealth
 - Level 2.6 Spellcasting
 - Level 3.6 Hexes


You had 5 spell levels left.
You knew the following spells:

 Your Spells              Type           Power      Damage    Failure   Level
a - Ensorcelled Hibernat  Hex/Ice        16%        N/A       12%         2

Your spell library contained the following spells:

 Spells                   Type           Power      Damage    Failure   Level
 Confusing Touch          Hex            15%        N/A       12%         3
 Tukima's Dance           Hex            15%        N/A       12%         3
 Dazzling Flash           Conj/Hex       16%        N/A       24%         3


Dungeon Overview and Level Annotations

Branches:
Dungeon (2/15)

Altars:


Innate Abilities, Weirdness & Mutations

You are very small and have problems with some larger weapons.
You are too small for most types of armour.
You have supernaturally acute eyesight. (SInv)
You cover ground extremely quickly. (Speed+++)


Message History

Press: ? - help, Shift-Dir - straight line, f - quokka
Aim: a quokka (chance to affect: 58%)
The quokka looks drowsy...
The helpless quokka fails to defend itself.
You impale the quokka!!
You kill the quokka!
Things that are here:
a +0 chain mail; a quokka corpse
f - a lumpy black potion A ball python comes into view.
The ball python hisses angrily.
The ball python barely misses you. The ball python closely misses you.
You hit the ball python.
You kill the ball python!
You have reached level 3!
Your experience leads to an increase in your attributes!
Increase (S)trength, (I)ntelligence, or (D)exterity?
You feel clever. x2
Magic restored.
g - a dark potion An adder and 2 gnolls come into view.
An adder and a gnoll come into view.
Found a club.
The adder hisses angrily. x2; The gnoll shouts! x2
The gnoll hits you with a +0 spear!
Ouch! That really hurt!
The gnoll closely misses you.
Casting: Ensorcelled Hibernation (safe; 12% risk of failure)
Confirm with . or Enter, or press ? or * to list all spells.
Aiming: Ensorcelled Hibernation (safe; 12% risk of failure)
Press: ? - help, Shift-Dir - straight line, f - gnoll
Aim: a gnoll, wielding a +0 spear (chance to affect: 50%)
The gnoll resists with some effort.
The gnoll shouts!
An endoplasm comes into view.
The gnoll hits you with a +0 spear.
* * * LOW HITPOINT WARNING * * *
The gnoll hits you from afar with a +0 spear!
Ouch! That really hurt!
You die...

#..........##.##.#
#.#..#####.......# #.#..#
#....[..# #.#..#
#........ .#.#####.#..#
#.......# ............#
###..>....#
#.######.##.......##.##.#
#.####..#####.##.#
#@####...........#
#...#ggS.....###.####
#.##.##....#.# #.# #
#.#.....# .. #...........
###........# ##....J...
#..##)..# .... #.##


You could see 2 gnolls, an adder and an endoplasm (wandering).

Vanquished Creatures
  A dart slug (D:1)
  6 endoplasms (D:1)
  A goblin (D:1)
  A hobgoblin (D:1)
  2 jackals (D:1)
  2 kobolds (D:1)
  2 quokkas
  4 ball pythons
  2 bats (D:1)
  4 rats
25 creatures vanquished.

Vanquished Creatures (others)
  A plant (D:2)
1 creature vanquished.

Grand Total: 26 creatures vanquished

Notes
Turn   | Place    | Note
-------+----------+-------------------------------------------
     0 | D:1      | melloss the Spriggan Enchanter began the quest for the Orb.
     0 | D:1      | Reached XP level 1. HP: 9/9 MP: 5/5
   522 | D:1      | Reached XP level 2. HP: 13/13 MP: 6/6
   540 | D:1      | Learned a level 2 spell: Ensorcelled Hibernation
   551 | D:1      | Reached skill level 5 in Stealth
  1326 | D:2      | Reached XP level 3. HP: 16/16 MP: 6/8
  1382 | D:2      | Mangled by a gnoll

Illustrated notes

Levels and vault maps discovered:
D:1:      lightli_molten_gateway, layout_loops_cross, nrook_mini_vaults,
          minmay_misc_feat_ornament, grunt_decor_fettered
D:2:      layout_loops_ring, chequers_ecumenical_altar_lobes,
          chequers_serial_rivers_large_b

Skill      XL: |  1  2 |
---------------+-------+-----
Dodging        | 3 |  3.8
Stealth        | 5 |  5.5
Short Blades   | |  1.1
Spellcasting   | |  2.6
Hexes          | |  3.6

Action                   || total
-------------------------++-------
Melee: Dagger            ||    49
       Punch             ||     1
 Cast: Ensorcelled Hiber ||     8
 Stab: Sleeping          ||    16
Armor: Robe              ||     4
Dodge: Dodged            ||    25
